 Dungeon Crawl Stone Soup version 0.28.0-53-g5a82cb258f (webtiles) character file.

Game seed: 12964932686973892760

42 SanguineChosen the Shield-Bearer (level 3, -1/23 HPs)
             Began as a Gargoyle Fighter on July 15, 2022.
             Slain by Terence
             ... wielding a +0 short sword
              (2 damage)
             ... on level 2 of the Dungeon.
             The game lasted 00:03:39 (1727 turns).

SanguineChosen the Shield-Bearer (Gargoyle Fighter) Turns: 1727, Time: 00:03:40

Health: -1/23      AC: 10    Str: 21    XL:     3   Next: 54%
Magic:  3/3        EV:  9    Int:  8    God:
Gold:   31         SH:  4    Dex:  9    Spells: 2/2 levels left

rFire   . . .      SeeInvis .   a - +0 flail
rCold   . . .      Faith    .   c - +0 buckler
rNeg    + . .      Spirit   .   b - +0 scale mail
rPois   ∞          Reflect  .   (no helmet)
rElec   +          Harm     .   (no cloak)
rCorr   .          Rampage  .   (no gloves)
Will    .....                   (no boots)
Stlth   ..........              (no amulet)
HPRegen 0.07/turn               (no ring)
MPRegen 0.08/turn               (no ring)

@: flying
A: sickness immunity, AC +3, negative energy resistance 1, electricity
resistance, torment resistance 1, petrification resistance
a: no special abilities


You were on level 2 of the Dungeon.
You visited 1 branch of the dungeon, and saw 2 of its levels.

You collected 31 gold pieces.

Inventory:

Hand Weapons
 a - a +0 flail (weapon)
Armour
 b - a +0 scale mail (worn)
 c - a +0 buckler (worn)
 e - a +0 ring mail of cold resistance
Scrolls
 g - a scroll of enchant armour {unknown}
 i - a scroll of identify {unknown}
Potions
 d - a potion of might
 f - 2 potions of curing {unknown}


   Skills:
 + Level 3.6 Fighting
 + Level 2.6 Maces & Flails
 + Level 3.7 Armour
 + Level 0.1 Dodging
 + Level 3.7 Shields


You had 2 spell levels left.
You didn't know any spells.
Your spell library was empty.

Dungeon Overview and Level Annotations

Branches:
Dungeon (2/15)

Altars:
Ru

Annotations:
D:2 Terence


Innate Abilities, Weirdness & Mutations

You are immune to sickness and miasma.
Your stone body is resilient. (AC +3)
You are immune to poison.
You resist negative energy. (rN+)
You are resistant to electric shocks. (rElec)
You are resistant to unholy torment.
You are immune to petrification.


Message History

You barely miss Terence. You block Terence's attack.
A hobgoblin comes into view.
Terence barely misses you.
The hobgoblin shouts!
You hit Terence but do no damage. Terence hits you with a +0 short sword.
You hit Terence.
Terence is moderately wounded.
Terence hits you with a +0 short sword.
You hit Terence but do no damage.
Terence is moderately wounded.
Terence barely misses you. x2
You hit Terence but do no damage.
Terence is moderately wounded.
Terence hits you with a +0 short sword.
You hit Terence but do no damage.
Terence is moderately wounded.
You block Terence's attack. The hobgoblin barely misses you.
You closely miss Terence.
Terence is moderately wounded.
Terence hits you but does no damage.
The hobgoblin hits you but does no damage.
A kobold comes into view. It is wielding a +0 dagger.
Terence misses you.
The kobold shouts!
You sock Terence!
Terence is severely wounded.
The hobgoblin hits you but does no damage.
Terence closely misses you. The hobgoblin hits you.
You barely miss Terence.
Terence is severely wounded.
Terence hits you with a +0 short sword.
* * * LOW HITPOINT WARNING * * *
The hobgoblin closely misses you. Terence hits you with a +0 short sword.
* * * LOW HITPOINT WARNING * * *
The kobold throws a stone.
The stone barely misses you.
It was a potion of flight.
You feel very buoyant.
You fly up into the air.
Terence hits you with a +0 short sword.
You die...

#..._...# #.##≈..P..b#
#......####.##≈≈.≈b##
###........###.###+###.
.!..!...#.# ##.......# #
#......#.####........
##.##.#..†......†.......
............(...........
#.#...@g...............
#..#@.#.#####...####.
#.......#.# #.....
####.#.##.# #.#.#..
#.#.##.# #...###8 #
.....# #...# ...###. ###


You could see Terence and a hobgoblin.

Vanquished Creatures
  A dart slug (D:1)
  6 ball pythons
  3 bats
  3 endoplasms (D:1)
  A giant cockroach (D:1)
  3 goblins (D:1)
  4 hobgoblins (D:1)
  2 jackals (D:1)
  2 kobolds (D:1)
  5 quokkas (D:1)
  2 frilled lizards
  A rat (D:2)
33 creatures vanquished.

Notes
Turn   | Place    | Note
-------+----------+-------------------------------------------
     0 | D:1      | SanguineChosen the Gargoyle Fighter began the quest for the
                  | Orb.
     0 | D:1      | Reached XP level 1. HP: 14/14 MP: 1/1
    65 | D:1      | Reached XP level 2. HP: 16/19 MP: 2/2
   568 | D:1      | Reached XP level 3. HP: 22/23 MP: 3/3
  1711 | D:2      | Found a sacrificial altar of Ru.
  1712 | D:2      | Noticed Terence
  1725 | D:2      | HP: 1/23 [Terence/+0 short sword (4)]
  1727 | D:2      | Slain by Terence

Illustrated notes

Levels and vault maps discovered:
D:1:      pf_arrival_petrified_forest, layout_loops_ring, hex_tiny
D:2:      layout_loops_cross, basic_altar, small_statue_intersection,
          hangedman_glass_garden, minmay_pentomino_v4, uniq_terence

Action                   || total
-------------------------++-------
Melee: Flail             ||   139
  Use: Potion            ||     1
Armor: Scale mail        ||    87
Dodge: Dodged            ||    69
Block: Buckler           ||    25
